 Dungeon Crawl Stone Soup version 0.31-a0-466-g98c9adc2b6 (webtiles) character file.

Game seed: 17769119557865369551

2561 Midn8 the Slasher (level 9, -7/55 HPs)
             Began as a Kobold Warper on Aug 5, 2023.
             Was a Follower of Wu Jian.
             Killed from afar by a steam dragon (15 damage)
             ... with a ball of steam
             ... on level 6 of the Dungeon.
             The game lasted 00:12:49 (6618 turns).

Midn8 the Slasher (Kobold Warper)                   Turns: 6618, Time: 00:12:50

Health: -7/55      AC: 10    Str: 11    XL:     9   Next: 87%
Magic:  4/4        EV: 13    Int: 14    God:    Wu Jian [*.....]
Gold:   335        SH:  5    Dex: 21    Spells: 10/12 levels left

rFire   . . .        v - +6 long sword "Imp's Undoing" {antimagic, Str+3 Dex+2}
rCold   + . .        (no shield)
rNeg    . . .        f - +0 ring mail
rPois   .            E - +1 helmet of Izixaih {Fly}
rElec   .            (no cloak)
rCorr   .            s - +2 pair of gloves {Stlth+}
SInv    +            (no boots)
Will    .....        j - amulet of reflection
Stlth   +++          h - ring of see invisible
HPRegen 0.29/turn    I - ring of protection from cold
MPRegen 0.09/turn

%: reflection
@: flying
A: small, no large weapons, nightstalker 3
a: Renounce Religion


You were on level 6 of the Dungeon.
You worshipped Wu Jian.
Wu Jian was aware of your devotion.
You visited 1 branch of the dungeon, and saw 6 of its levels.

You collected 335 gold pieces.

Inventory:

Hand Weapons
 a - a +0 short sword
 n - a +2 short sword of holy wrath
 v - the +6 long sword "Imp's Undoing" (weapon) {antimagic, Str+3 Dex+2}
   (You took it off an orc on level 4 of the Dungeon)

   Str:       It affects your strength (+3).
   Dex:       It affects your dexterity (+2).
 A - a +1 sling of electrocution
Missiles
 d - 7 darts of dispersal (quivered)
 J - a throwing net
Armour
 b - a +0 leather armour
 f - a +0 ring mail (worn)
 r - a +0 plate armour
 s - a +2 pair of gloves of stealth (worn)
 u - a +0 kite shield
 E - the +1 helmet of Izixaih (worn) {Fly}
   (You found it on level 5 of the Dungeon)

   Fly:       It grants you flight.
Jewellery
 h - a ring of see invisible (left hand)
 j - an amulet of reflection (around neck)
 x - an amulet of the acrobat
 y - a ring of resist corrosion
 I - a ring of protection from cold (right hand)
Talismans
 k - a beast talisman
Wands
 p - a wand of polymorph (7)
 D - a wand of flame (7)
 H - a wand of mindburst (1)
Scrolls
 c - 2 scrolls of blinking
 e - 2 scrolls of teleportation
 i - 2 scrolls of brand weapon {unknown}
 l - a scroll of fog
 q - a scroll of silence {unknown}
 t - 2 scrolls of torment
 w - 2 scrolls of vulnerability {unknown}
 B - a scroll of summoning
Potions
 g - 2 potions of brilliance
 m - 3 potions of curing
 o - a potion of mutation
 z - a potion of lignification {unknown}
 C - a potion of heal wounds {unknown}
 G - a potion of might {unknown}


   Skills:
 - Level 6.0 Fighting
 - Level 7.0(10.2) Short Blades
 - Level 7.4(8.0) Long Blades
 - Level 1.1 Throwing
 - Level 0.7 Armour
 - Level 2.4 Dodging
 - Level 2.1 Spellcasting
 - Level 5.0 Translocations
 + Level 4.2 Evocations


You had 10 spell levels left.
You knew the following spells:

 Your Spells              Type           Power      Damage    Failure   Level
B - Blink                 Tloc           30%        N/A       11%         2

Your spell library contained the following spells:

 Spells                   Type           Power      Damage    Failure   Level
 Lesser Beckoning         Tloc           30%        N/A       11%         2
 Gell's Gravitas          Tloc           15%        N/A       22%         3
 Teleport Other           Tloc           15%        N/A       22%         3
 Vhi's Electric Charge    Tloc/Air       16%        N/A       52%         3
 Manifold Assault         Tloc           15%        N/A       58%         4
 Ensorcelled Hibernation  Hex/Ice        2%         N/A       65%         2
 Passwall                 Tmut/Erth      0%         N/A       65%         2
 Swiftness                Air            1%         N/A       86%         3
 Dispersal                Tloc           7%         N/A       100%        6
 Malign Gateway           Summ/Tloc      4%         N/A       100%        7
 Summon Horrible Things   Summ           0%         N/A       100%        8


Dungeon Overview and Level Annotations

Branches:
Dungeon (6/15)             Temple (0/1) D:6

Altars:
Elyvilon
Nemelex Xobeh
Okawaru
Trog
Wu Jian
The Shining One


Innate Abilities, Weirdness & Mutations

You are small and have problems with some larger weapons.
You are completely attuned to the shadows.


Message History

You hit the orc warrior but do no damage.
The orc warrior is lightly wounded.
The orc warrior barely misses you. The orc barely misses you.
You barely miss the orc warrior.
The orc warrior is lightly wounded.
The orc warrior hits you with a +0 war axe!
The orc closely misses you.
You slash the orc warrior!
The orc warrior is heavily wounded.
You block the orc warrior's attack.
The orc hits you from afar with a +0 trident.
The steam dragon breathes steam at you. The ball of steam misses you.
You spin and attack the steam dragon.
You hit the steam dragon but do no damage.
The steam dragon bites you! The steam dragon misses you.
You slash the steam dragon!
The steam dragon is heavily wounded.
You are engulfed in a cloud of scalding steam.
The steam dragon misses you.
The steam dragon claws you but does no damage.
You hit the steam dragon.
The steam dragon is heavily wounded.
You are engulfed in a cloud of scalding steam.
The orc warrior is engulfed in a cloud of scalding steam.
The orc warrior barely misses you. The orc completely misses you.
The orc is engulfed in a cloud of scalding steam.
The steam dragon breathes steam at you. The ball of steam hits you!!
* * * LOW HITPOINT WARNING * * *
You hear an angry hiss.
Unknown command.
You slash the steam dragon!
The steam dragon is severely wounded.
The orc warrior completely misses you.
The orc hits you from afar with a +0 trident.
* * * LOW HITPOINT WARNING * * *
The steam dragon breathes steam at you. The ball of steam hits you!
You die...

....###...................
..............#.##........
###.###..........)...<.##
##..............)......#
##..###.......##...)...#
....# #.......##.......#
###.# #.......##§#######
##..# ##.####..§§####
##'## #. ####@oo.# .....
#D##.## ..... #oo...###
##'##' #.......#### ).#.
##.........# #'#..
#....#..... ..#..
#####...... ..'... #......
..#).# #......


You could see a steam dragon (catching breath), an orc warrior and 3 orcs.

Vanquished Creatures
  Grinder (D:6)
  A hornet (D:6)
  Eustachio (D:5)
  A yak (D:6)
  A steam dragon (D:6)
  Edmund (D:4)
  2 water moccasins (D:6)
  2 black bears (D:4)
  2 ogres (D:6)
  A centaur (D:6)
  A phantom (D:5)
  4 hounds
  3 orc priests
  4 jellies (D:6)
  2 sleepcaps (D:6)
  4 iguanas
  Ijyb (D:5)
  7 orc wizards
  13 adders
  4 gnolls (D:3)
  A shadow imp (D:6)
  2 ufetubi (D:5)
  A worm (D:2)
  3 dart slugs
  20 orcs
  6 endoplasms
  3 giant cockroaches
  9 goblins
  5 hobgoblins
  4 jackals (D:2)
  3 kobolds
  3 quokkas
  5 ball pythons
  6 bats
  2 frilled lizards (D:1)
  4 rats
133 creatures vanquished.

Notes
Turn   | Place    | Note
-------+----------+-------------------------------------------
     0 | D:1      | Midn8 the Kobold Warper began the quest for the Orb.
     0 | D:1      | Reached XP level 1. HP: 12/12 MP: 3/3
   133 | D:1      | Reached XP level 2. HP: 17/17 MP: 5/5
   704 | D:2      | Reached XP level 3. HP: 21/21 MP: 6/6
   786 | D:2      | Learned a level 2 spell: Blink
   856 | D:2      | Found a bloodstained altar of Trog.
   881 | D:2      | Reached skill level 5 in Short Blades
   888 | D:2      | Reached XP level 4. HP: 22/26 MP: 3/7
  1529 | D:3      | Found a faded altar of an unknown god.
  2128 | D:3      | Reached XP level 5. HP: 26/32 MP: 8/8
  2947 | D:4      | Noticed Edmund
  3174 | D:4      | Reached XP level 6. HP: 33/38 MP: 9/9
  3198 | D:4      | Identified the +6 long sword "Imp's Undoing" {antimagic,
                  | Str+3 Dex+2}
  3401 | D:4      | Noticed a black bear
  3413 | D:4      | Killed a black bear
  3489 | D:4      | Found a glowing golden altar of the Shining One.
  3543 | D:4      | Noticed a black bear
  3559 | D:4      | Killed a black bear
  3560 | D:4      | Reached XP level 7. HP: 43/43 MP: 3/10
  3602 | D:4      | Killed Edmund
  4087 | D:5      | Entered Level 5 of the Dungeon
  4090 | D:5      | Found a sparkling altar of Nemelex Xobeh.
  4133 | D:5      | Found an iron altar of Okawaru.
  4134 | D:5      | Found an ornate altar of the Wu Jian Council.
  4138 | D:5      | Found a white marble altar of Elyvilon.
  4142 | D:5      | Became a worshipper of the Wu Jian Council
  4249 | D:5      | Reached XP level 8. HP: 44/48 MP: 3/11
  4413 | D:5      | Noticed Eustachio
  4420 | D:5      | Killed Eustachio
  4421 | D:5      | Reached skill level 5 in Long Blades
  4443 | D:5      | Noticed Ijyb
  4448 | D:5      | Killed Ijyb
  4636 | D:5      | Identified the +1 helmet of Izixaih {Fly}
  5524 | D:6      | Reached skill level 5 in Translocations
  5531 | D:6      | Reached * piety under Wu Jian
  5541 | D:6      | Noticed a yak
  5817 | D:6      | Reached XP level 9. HP: 47/52 MP: 4/12
  5856 | D:6      | Found a staircase to the Ecumenical Temple.
  6015 | D:6      | Noticed Grinder
  6027 | D:6      | Killed Grinder
  6250 | D:6      | Found a bloodstained altar of Trog.
  6263 | D:6      | Reached skill level 5 in Fighting
  6275 | D:6      | Noticed a hornet
  6284 | D:6      | Paralysed by a hornet for 2 turns
  6285 | D:6      | HP: 1/55 [hornet (8)]
  6288 | D:6      | Killed a hornet
  6618 | D:6      | Killed from afar by a steam dragon

Illustrated notes

Levels and vault maps discovered:
D:1:      roderic_dead_forest, layout_basic
D:2:      layout_basic, basic_altar
D:3:      layout_basic, dreamdust_ecumenical_altar_angels_and_demons
D:4:      nicolae_cairo_tiling, layout_basic, tso_oasis_becter,
          roderic_roman_lattice, uniq_edmund
D:5:      layout_basic, mainiacjoe_overflow_alcove_3, minmay_crystal_water,
          uniq_eustachio, uniq_ijyb
D:6:      cheibrodos_barr_body, layout_rooms, mainiacjoe_overflow_24_doors,
          lemuel_zombie_altar_yredelemnul, minmay_temple_entry_from_below_a,
          uniq_maggie, uniq_grinder

Skill      XL: |  1  2  3  4  5  6  7  8  9 |
---------------+----------------------------+-----
Short Blades   | 3 4 5 6 7 |  7.0
Fighting       | 4 6 |  6.0
Long Blades    | 2 4 6 7 |  7.4
Translocations | 5 |  5.0
Evocations     | 4 |  4.2
Throwing       | |  1.1
Armour         | |  0.7
Dodging        | |  2.4
Spellcasting   | |  2.1

Action                     |  1- 3 |  4- 6 |  7- 9 || total
---------------------------+-------+-------+-------++-------
  Melee: Short sword       |   109 |   229 |       ||   338
         Punch             |       |     3 |     1 ||     4
         Long sword        |       |    16 |   209 ||   225
         Unarmed           |       |       |    12 ||    12
   Cast: Blink             |     1 |       |       ||     1
Ability: Lunge             |       |       |    14 ||    14
         Whirlwind         |       |       |     8 ||     8
  Evoke: Wand              |       |       |     6 ||     6
    Use: Scroll            |       |     4 |     5 ||     9
         Potion            |       |       |     4 ||     4
   Stab: Sleeping          |     4 |     6 |    16 ||    26
         Distracted        |       |     1 |     1 ||     2
 Armour: Ring mail         |    25 |    56 |    62 ||   143
         Skin              |       |       |     1 ||     1
  Dodge: Dodged            |    50 |    89 |    89 ||   228
  Block: Other             |     7 |    38 |    45 ||    90
         Reflection        |       |       |     1 ||     1

Table legend: (Time is in decaauts)
 A = Elapsed time spent in this place.
 B = Non-inter-level travel time spent in this place.
 C = Inter-level travel time spent in this place.
 D = Time resting spent in this place.
 E = Time spent auto-exploring this place.
 F = Levels seen in this place.
 G = Mean time per level.
                   A        B        C        D        E       F      G
               +--------+--------+--------+--------+--------+-----+--------+
         Total |   6525 |   6226 |    299 |   1326 |   3734 |   6 | 1087.5 |
       Dungeon |   6525 |   6226 |    299 |   1326 |   3734 |   6 | 1087.5 |
               +--------+--------+--------+--------+--------+-----+--------+

Top non-repeatable levels by time:
     D:3: 1451 daAuts
     D:5: 1444 daAuts
     D:4: 1144 daAuts
     D:6: 1100 daAuts
     D:2: 813 daAuts
     D:1: 571 daAuts
